Cogmind - Beta 15 @@@ ROGUE MODE // 2025.07.15 @ 22:39:27 Player: Inverisimilidude Result: Self-destructed Performance ------------- Evolutions (1) 500 Regions Visited (3) 600 Robots Destroyed (29) 145 Value Destroyed (698) 698 Prototype IDs (3) 60 Alien Tech Used (0) 0 Bonus (0) 0 TOTAL SCORE: 2003 Bonus ------- None Cogmind --------- Core Integrity 290/400 Matter 252/300 Energy 265/265 System Corruption 0% Temperature Cool (66) Movement Walking (190) Ox1 Location -9/Materials Parts ------- > --- POWER (1) -------- Improved Ion Engine > --- PROPULSION (3) --- Aluminum Leg Aluminum Leg > --- UTILITY (3) ------ Medium Storage Unit ECM Suite Light Armor Plating > --- WEAPON (2) ------- Medium Laser Shotgun > --- INVENTORY (10) --- Light Ion Engine Light Ion Engine Aluminum Leg Improved Heat Sink High-capacity Matter Pod (200) Signal Interpreter EM Pulse Gun Small Laser Grenade Launcher Peak State ------------ > --- POWER ------------ Improved Ion Engine > --- PROPULSION ------- Aluminum Leg Aluminum Leg Aluminum Leg > --- UTILITY ---------- Medium Storage Unit Seismic Detector ECM Suite > --- WEAPON ----------- Medium Laser Rocket Launcher > --- INVENTORY -------- Light Ion Engine Light Ion Engine Aluminum Leg Aluminum Leg Improved Heat Sink High-capacity Matter Pod EM Pulse Gun Shotgun Light Cannon Grenade Launcher [Rating: 12] Favorites ----------- Power Light Ion Engine Engine Light Ion Engine Propulsion Aluminum Leg Leg Aluminum Leg Utility Seismic Detector Device Seismic Detector Storage Medium Storage Unit Protection Light Armor Plating Weapon Medium Laser Energy Gun Medium Laser Ballistic Gun Light Assault Rifle Ballistic Cannon Light Cannon Launcher Rocket Launcher Build | -11 -10 -10 -9 ------- Run | Yrd Mat Min Mat Slots Evolved 2 | . . . 2 Power . | . . . . Propulsion 1 | . . . 1 Utility 1 | . . . 1 Weapon . | . . . . Parts Attached 22 | 8 3 3 8 Power 3 | 1 1 . 1 Engine 3 | 1 1 . 1 Core . | . . . . Reactor . | . . . . Propulsion 5 | 2 . . 3 Treads . | . . . . Leg 5 | 2 . . 3 Wheel . | . . . . Hover . | . . . . Flight . | . . . . Utility 7 | 3 1 1 2 Device 4 | 2 1 . 1 Storage 2 | 1 . 1 . Processor . | . . . . Hackware . | . . . . Protection 1 | . . . 1 Artifact . | . . . . Weapon 7 | 2 1 2 2 Energy Gun 1 | 1 . . . Energy Cannon . | . . . . Ballistic Gun 3 | 1 1 . 1 Ballistic Cannon 1 | . . . 1 Launcher 2 | . . 2 . Special Weapon . | . . . . Impact Weapon . | . . . . Slashing Weapon . | . . . . Piercing Weapon . | . . . . Special Melee Weapon . | . . . . Unidentified Prototypes . | . . . . Parts Lost 5 | . . . 5 Power . | . . . . Propulsion 3 | . . . 3 Utility 1 | . . . 1 Weapon 1 | . . . 1 Highest Loss Streak 2 | . . . 2 To Critical Strikes . | . . . . Average Backups 8 | 2 6 9 8 Power 1 | . 1 1 1 Propulsion 2 | . 1 2 1 Utility 2 | . . 2 2 Weapon 2 | . 3 2 3 Tool/Special . | . . . . Unused Backups 7 | . 1 . 6 Power . | . . . . Propulsion 2 | . 1 . 1 Utility 3 | . . . 3 Weapon 2 | . . . 2 Tool/Special . | . . . . Average Slot Usage (%) 99 | . 99 100 98 Engine 13 | . 14 14 11 Leg 29 | . 28 28 33 Device 14 | . 14 14 15 Storage 13 | . 14 14 11 Protection 1 | . . . 4 Energy Gun 13 | . 13 14 11 Ballistic Gun 3 | . 14 . 4 Launcher 9 | . . 13 4 Peak Build Rating 12 | 9 8 9 12 Average Rating 8 | 5 7 8 11 On Entrance 6 | . 7 8 9 Naked Turns . | . . . . Heaviest Build 27 | 12 12 20 27 Greatest Support 30 | 20 20 20 30 Greatest Overweight (x) 3 | 3 . . . Average Overweight (x) . | . . . . Largest Inventory Capacity 10 | 8 8 10 10 Average Capacity 9 | 7 8 9 10 Most Carried 10 | 3 8 10 10 Average Carried 8 | 2 6 9 8 Final Capacity 10 | 8 8 10 10 Final Carried 10 | 3 8 10 9 Class Distribution -------------------- 92% | Mutant 7% | Scavenger-Mutant Dominant Class ---------------- Mutant | -10/Materials Mutant | -10/Mines Mutant | -9/Materials Resources | -11 -10 -10 -9 ----------- Run | Yrd Mat Min Mat Matter Collected 611 | 208 124 93 186 Remotely . | . . . . Salvage Created 583 | 12 154 151 266 Parts 40 | 4 10 8 18 Haulers Intercepted . | . . . . Recyclers Shooed 1 | . 1 . . Parts Field Recycled . | . . . . Retrieved Matter . | . . . . Parts Self-Destructed . | . . . . Prevented . | . . . . Kills | -11 -10 -10 -9 ------- Run | Yrd Mat Min Mat Combat Hostiles Destroyed 22 | . 3 7 12 Guns 6 | . 3 . 3 Cannons 1 | . . . 1 AOE 15 | . . 7 8 Classes Destroyed 8 | 1 3 2 2 Worker 3 | . . 1 2 Tunneler 1 | 1 . . . Operator 1 | . 1 . . Watcher 2 | . 1 . 1 Swarmer 10 | . . 3 7 Grunt 8 | . 3 4 1 Duelist 1 | . . . 1 Sentry 3 | . . . 3 Best Kill Streak 7 | 1 2 3 7 Combat Bots Only 6 | . 2 3 6 Max Kills in Single Turn 5 | 1 1 3 5 Gunslinging . | . . . . Exploded 4 | . . 3 4 Melee . | . . . . Uniques/NPCs Destroyed . | . . . . Combat | -11 -10 -10 -9 -------- Run | Yrd Mat Min Mat Hostile Shots Fired 124 | . 12 6 106 Missed 46 | . 5 2 39 Hits 78 | . 7 4 67 Melee 3 | . . . 3 Projectile 75 | . 7 4 64 Critical Strikes 4 | . . . 4 Damage Taken 1049 | . 80 46 923 Core 151 | . 31 10 110 Absorbed by Shields . | . . . . Core Remaining (%) 91 | 100 . 83 . Volleys Fired 51 | 1 13 4 33 Largest 2 | 2 2 2 2 Hottest 83 | 70 70 83 83 Shots Fired 97 | 2 26 8 61 Gun 70 | 2 26 4 38 Cannon 17 | . . . 17 Launcher 10 | . . 4 6 Special . | . . . . Kinetic 38 | 1 13 . 24 Thermal 49 | 1 13 4 31 Explosive 10 | . . 4 6 Electromagnetic . | . . . . Robot Hit Streak 22 | 1 16 22 11 Robot Miss Streak 6 | . 1 . 6 Penetration Max . | . . . . Secondary Targets . | . . . . Shots Hit Robots 62 | 1 22 6 33 Core Hits 48 | 1 12 12 23 Critical Kills . | . . . . Critical Parts Destroyed 1 | . . . 1 Critical Strikes 6 | . 1 . 5 Burn 5 | . 1 . 4 Destroy 1 | . . . 1 Melee Attacks . | . . . . Impact . | . . . . Slashing . | . . . . Piercing . | . . . . Sneak Attacks . | . . . . Combat Hostiles . | . . . . Follow-up Attacks . | . . . . Damage Inflicted 1753 | 12 346 418 977 Guns 545 | 12 232 38 263 Cannons 171 | . . . 171 Explosions 1037 | . 114 380 543 Melee . | . . . . Ramming . | . . . . Kinetic 314 | . 83 . 231 Thermal 569 | 12 263 91 203 Explosive 870 | . . 327 543 Electromagnetic . | . . . . Impact . | . . . . Slashing . | . . . . Piercing . | . . . . Highest Corruption . | . . . . Average Corruption . | . . . . Corruption Purged . | . . . . Corruption Blocked . | . . . . Overload Shots . | . . . . Overflow Damage 26 | . . . 26 Projectiles . | . . . . Explosions 26 | . . . 26 Melee . | . . . . Knockbacks 6 | . . . 6 Impact . | . . . . Kinetic 6 | . . . 6 Secondary . | . . . . Self-Inflicted Damage 69 | . . 6 63 Shots 4 | . . 1 3 Rammed . | . . . . Targets Rammed . | . . . . Kicked . | . . . . Crushed . | . . . . Highest Temperature 208 | 30 114 45 208 Average Temperature 55 | 18 53 19 60 Received Heat Transfer 339 | . 45 9 285 Siege Activations . | . . . . Martial Activations . | . . . . Shielding Activations . | . . . . Robots Disrupted . | . . . . Combat Hostiles . | . . . . Robots Corrupted . | . . . . Combat Hostiles . | . . . . Parts Fried . | . . . . Impact Corruptions . | . . . . Robots Melted . | . . . . Combat Hostiles . | . . . . Parts Melted . | . . . . Heat Transferred 1654 | 37 568 161 888 Parts Sabotaged . | . . . . Parts Stolen . | . . . . Parts Stripped . | . . . . Power Chain Reactions . | . . . . Alert | -11 -10 -10 -9 ------- Run | Yrd Mat Min Mat Maximum Alert Level 1 | . . . 1 Low Security (%) 89 | 100 100 100 46 Level 1 10 | . . . 53 Level 2 . | . . . . Level 3 . | . . . . Level 4 . | . . . . Level 5 . | . . . . High Security . | . . . . Max Security . | . . . . Peak Influence 288 | 5 50 138 288 Initial 18 | . . 18 . Average 45 | . 10 24 146 Influence Increases 810 | 5 154 232 419 Destroy 0b10 Robot/C 440 | . 60 140 240 Destroy 0b10 Robot/NC 35 | 5 10 5 15 Destroy Leader 104 | . 12 30 62 Successful Hack 34 | . 29 . 5 Disable Machine 90 | . 15 15 60 Destroy Structure 107 | . 28 42 37 Influence Decreases 614 | 5 107 279 223 Entered New Map 29 | . . 29 . Time Decay 535 | 5 107 250 173 Lost Part 50 | . . . 50 Squads Dispatched 3 | . 1 . 2 Investigation . | . . . . Extermination . | . . . . Reinforcement 3 | . 1 . 2 Assault . | . . . . Garrison . | . . . . Intercept . | . . . . Searches Triggered . | . . . . Construction Impeded . | . . . . Haulers Reinforced . | . . . . Active Scanning Responses . | . . . . Cargo Convoy Interrupts . | . . . . Stealth | -11 -10 -10 -9 --------- Run | Yrd Mat Min Mat Distress Signals 2 | . 1 . 1 Communications Jammed . | . . . . Distress Signals . | . . . . Times Spotted 37 | . 7 6 24 Peak Tracking Total 6 | . 3 3 6 Tactical Retreats 3 | . . . 3 Traps | -11 -10 -10 -9 ------- Run | Yrd Mat Min Mat Traps Triggered 1 | . 1 . . Indirectly . | . . . . Trap Hack Attempts . | . . . . Triggered . | . . . . Disarmed . | . . . . Reprogrammed . | . . . . Reused . | . . . . Traps Extracted . | . . . . Installed . | . . . . Triggered . | . . . . Objects Rigged 3 | . 3 . . Exploded 1 | . 1 . . Machines | -11 -10 -10 -9 ---------- Run | Yrd Mat Min Mat Machines Disabled 6 | . 1 1 4 Max in Single Turn 1 | . 1 1 1 Machines Repaired . | . . . . Machines Dismantled . | . . . . Machines Sabotaged . | . . . . Overloaded Fab Kills . | . . . . Hacking | -11 -10 -10 -9 --------- Run | Yrd Mat Min Mat Machines Accessed 7 | . 6 . 1 Terminals 7 | . 6 . 1 Fabricators . | . . . . Repair Stations . | . . . . Recycling Units . | . . . . Scanalyzers . | . . . . Garrison Access . | . . . . Total Hacks 14 | . 13 . 1 Successful 9 | . 8 . 1 Failed 5 | . 5 . . Catastrophic . | . . . . Database Lockouts . | . . . . Manual 12 | . 11 . 1 Terminals 14 | . 13 . 1 Fabricators . | . . . . Repair Stations . | . . . . Recycling Units . | . . . . Scanalyzers . | . . . . Garrison Access . | . . . . Terminal Hacks 1 | . 1 . . Prototype ID Bank 1 | . 1 . . Fabricator Hacks . | . . . . Repair Station Hacks . | . . . . Recycling Unit Hacks . | . . . . Scanalyzer . | . . . . Garrison Access Hacks . | . . . . Unauthorized Hacks 7 | . 6 . 1 Terminals 7 | . 6 . 1 Botnet 5 | . 4 . 1 Detonate 2 | . 2 . . Fabricators . | . . . . Repair Stations . | . . . . Recycling Units . | . . . . Scanalyzers . | . . . . Garrison Access . | . . . . Data Cores Recovered . | . . . . Used . | . . . . Hacking Detections 4 | . 4 . . Full Trace Events . | . . . . Feedback Events . | . . . . Feedback Blocked . | . . . . Robot Schematics Acquired . | . . . . Robots Built . | . . . . Authchips . | . . . . Time . | . . . . Total Robot Build Rating . | . . . . Part Schematics Acquired . | . . . . Parts Built . | . . . . Authchips . | . . . . Time . | . . . . Total Part Build Rating . | . . . . Parts Repaired . | . . . . Time . | . . . . Parts Recycled . | . . . . Recycled Matter . | . . . . Retrieved Matter . | . . . . Retrieved Components . | . . . . Parts Scanalyzed . | . . . . Part Schematics Acquired . | . . . . Parts Damaged . | . . . . Bothacking | -11 -10 -10 -9 ------------ Run | Yrd Mat Min Mat Used RIF Installer . | . . . . Robots Hacked . | . . . . Non-combat . | . . . . Combat . | . . . . Robot Hacks Applied . | . . . . Relay Couplers Released . | . . . . Fabnet Peak Effective % . | . . . . Robots Rewired . | . . . . Allies Hacked . | . . . . Hacks Repelled . | . . . . Allies | -11 -10 -10 -9 -------- Run | Yrd Mat Min Mat Total Allies . | . . . . Largest Group . | . . . . Highest-Rated Group . | . . . . Highest-Rated Ally . | . . . . Total Orders . | . . . . Ally Attacks . | . . . . Total Damage . | . . . . Kills . | . . . . Allies Corrupted . | . . . . Allies Melted . | . . . . Intel | -11 -10 -10 -9 ------- Run | Yrd Mat Min Mat Active Infowar (turns) 2672 | 42 486 1586 558 Terrain 7 | 7 . . . Seismic 2366 | 35 486 1586 259 ECM 378 | . . . 378 Robot Analysis Total . | . . . . Derelict Logs Recovered 2 | . . 2 . Drone Launches . | . . . . Drone Recoveries . | . . . . Exploration | -11 -10 -10 -9 ------------- Run | Yrd Mat Min Mat Turns Passed 2743 | 113 486 1586 558 Spaces Moved 1704 | 69 295 1053 287 Core 16 | 16 . . . Treads . | . . . . Legs 1688 | 53 295 1053 287 Wheels . | . . . . Hover . | . . . . Flight . | . . . . Fastest Speed 50 | 50 120 120 120 Average Speed 120 | 130 120 120 120 Slowest Speed 200 | 200 120 120 120 Overloaded Moves . | . . . . Propulsion Burnouts . | . . . . Robots Hopped . | . . . . Potential Cave-ins . | . . . . Cave-ins Triggered . | . . . . Exploration Rate (%) 45 | 4 53 97 28 Regions Visited 3 Branch Regions 1 Pre-discovered Areas 1 | . . 1 . Known Exits Taken . | . . . . Unknown Exits Taken 3 | 1 1 1 . Scrap Searched 2 | . . 2 . Spaces Dug 10 | . . 10 . Terrain Destroyed 120 | . 31 52 37 Melee . | . . . . Projectile . | . . . . AOE 120 | . 31 52 37 Terrain Rammed . | . . . . Walls Destroyed . | . . . . Machines Disabled . | . . . . Actions | -11 -10 -10 -9 --------- Run | Yrd Mat Min Mat Total 2295 | 87 403 1368 437 Wait 493 | 6 80 305 102 Move 1701 | 68 294 1052 287 Hop . | . . . . Pick Up 17 | 3 8 2 4 Fast Attach 11 | 8 2 . 1 Attach 6 | . 1 . 5 Detach . | . . . . Swap 9 | . 2 3 4 Drop 7 | 1 3 2 1 Fire 51 | 1 13 4 33 Melee . | . . . . Ram . | . . . . Kick . | . . . . Crush . | . . . . Escape Stasis . | . . . . Rewire . | . . . . Trap . | . . . . Miscellaneous . | . . . . Route ------- -11/Scrapyard -10/Materials (discovered 2 exits: *Mat / [*Min]) -10/Mines (discovered 3 exits: *Mat x2 / [*Sub]) -9/Materials (discovered 2 exits: Mat / [*Min]) History --------- Turn | Location | Event 35 | -11/Scrapyard | Discovered new exit (range 15) 114 | -11/Scrapyard | Entered Materials 305 | -10/Materials | Build established: Mutant 318 | -10/Materials | Discovered new exit (range 5) 455 | -10/Materials | Discovered new exit (range 11) 600 | -10/Materials | Entered Mines 908 | -10/Mines | Found a hidden stash of uninstalled traps 1214 | -10/Mines | Discovered new exit (range 8) 1280 | -10/Mines | Discovered new exit (range 6) 1362 | -10/Mines | Learned Materials terminal intel 1405 | -10/Mines | Received a Rocket Launcher from a helpful Derelict 1505 | -10/Mines | Learned 4 Materials zone layouts 1520 | -10/Mines | Discovered new exit (range 6) 1521 | -10/Mines | Learned location of Storage (-7) 2186 | -10/Mines | Entered Materials 2186 | -9/Materials | Evolved 2 slots: Propulsion x1, Utility x1 2187 | -9/Materials | Identified exit to Materials 2188 | -9/Materials | Loaded intel: 12 terminal locations 2209 | -9/Materials | Discovered new exit (range 16) 2744 | -9/Materials | Self-destructed Last Messages --------------- 02541_ K-01 Serf collects debris. 02542_ Acquired 32 matter. 02544_ K-01 Serf collects debris. 02545_ Connecting with Terminal... 02545_ Current location identified: Materials >>Trojan(Botnet) Trojan loaded successfully. Testing... Terminal linked with 0 systems. Awaiting botnet instructions. 02548_ K-01 Serf collects debris. 02571_ W-16 Scout destroyed. 02575_ Acquired 23 matter. 02595_ ALERT: Hostiles spotted, dispatching reinforcements to Terminal M006. 02696_ K-01 Serf collects debris. 02741_ G-34 Mercenary suffers critical hit (Burn). 02741_ S-10 Pest destroyed. 02741_ Aluminum Leg destroyed. Map ----- +----------------------------------------------------+ | ????????#" """ """ # % #??????????# # | | ????????## """ """ # T ##?????????# # | | ?????????# # !#?????????# # | | ?????????# # "" " ##?????????# # | | ????# + " " """ #??????????# # | | ????# ######## # """ """ #??????????# # | | ????+ ???????##### #??????????# # | | ????? ???????????# #??????????# # | | ????? ???????????##+########??????????# # | | ?????? ? ????????????# #?????????????????# # | | ??????? ?????????????????# #?????????????????# # | | ?????????????????????????# #?????????????????# # | | ?????????????????????????# #??????????######## # | | ?????????????????????????# #?########## # # | | ?????????????????????????# #?# # # # | | ???????????????????????### ### # + # | | ???????????????????????# # # # # | | ???????????????????????# # # # # | | ???????????????????????# + #??????????? | | ???????????????????????# a # #??????????? | | ???????????????????????# # #??????????? | | ???????????????????????## ## #??????????? | | ????????????????????????# g ## #??????????? | | ????????????????????????#g ###########??????????? | | ????????????????????????# #????????????????????? | | ?????????#?????????????##@ #####????????????????? | | ????????# ##+####### #######??????????? | | ???????? =%* a ## / #??????????? | | ???????? s ## ] #??????????? | | ???????? s ## #??????????? | | ????????# ########## ## #??????????? | | ???????????????????????# ## [ #??????????? | | ???????????????????????# ## !#??????????? | | ???"""?????????????????# + #??????????? | | ???"T??????????????????########### #??????????? | | ???"""???????????????????????????# [ #??????????? | | ?????????????????????????????????######??????????? | | ?????????????????????????????????????????????????? | | ?????????????????????????????????????????????????? | | ?????????????????????????????????????????????????? | | ?????????????????????????????????????????????????? | | ?????????????????????????????????????????????????? | | ?????????????????????????????????????????????????? | | ?????""?????????????????????????????#""" + + | | ?????"T?????????????????????????????#""" # # | | ?????""?????????????????????????????# # # | | ????????????????????????????????????########## # | | ???????????????????????????????????? ####### | | ???????????????????????????????????? | | ???????????????????????????????????? | +----------------------------------------------------+ Best States ------------- Heat Dissipation 28 Energy Generation 12 Energy Capacity 265 Matter Stores 300 Matter Capacity 300 Sight Range 16 Terrain Scan Density 10 ECM Strength 1 Armor Coverage 150 Evasion (%) 55 Item Schematics ----------------- None Robot Schematics ------------------ None Fabricated ------------ Nothing Repaired ---------- Nothing Alien Tech Used ----------------- None Achievements -------------- root@ Challenges ------------ None Game ------ Seed ExplosiveThrowingDrillbomb Manual? 0 Play Time 00:29:29 Cumulative 48.8 hours Start 2025.07.15 @ 21:40:09 End 2025.07.15 @ 22:39:27 Sessions 1 Manual Loads 0 Difficulty Rogue Special Mode None Game No. 65 Rogue 65 Adventurer 0 Explorer 0 Win Type - Total 0 Types 0/0/0/0/0/0/0/0/0/0 Lore% 37 Gallery% 30 Achievement% 31 Wizard Run 0 Options --------- Layout 1 ASCII 0 Keyboard 0 Movement Arrows Keybinds 0 Fullscreen 1 Font 24/Smallcaps Map View 50x35 Zoom Use 0% Tactical HUD 1 Map Filters NONE Filters NONE Steam 1 RUN: 5b20dc83-9814-4a85-b8f1-6005105ab3a1